AoeStats
← TocToc.Commandeur_Rod

Arabian Desert

510157913Analyzed
1v1 RM · 3d ago on Sep 29, 2026· 24m 28s· 2 players
Game mode
Random Map
Map size
Tiny (2 player)
Population
200
Speed
Normal
Resources
Standard
Victory
Conquest
Starting age
Dark Age
Ending age
Imperial Age
RankedLock teamsTeams togetherTeam positionsShared explorationLock speedFull tech treeHidden civsTurbo modeCheats
Victory
Defeat
🇫🇷 Sicilians · France
1506
+15
🇩🇪 Magyars · Germany
1477
-15
Bitter Lemon
6:32 Loom
9:19 Feudal Age
11:12 Double-Bit Axe
22:53 Castle Age
21:13 Horse Collar
21:42 Scale Barding Armor
22:24 Bloodlines
23:06 Fletching
TocToc.Commandeur_Rod
6:31 Loom
9:19 Feudal Age
9:51 Double-Bit Axe
9:47 Horse Collar
21:33 Castle Age
20:07 Scale Mail Armor
Connection lost

Rejoining the realm…

Still unreachable

The connection could not be restored.

Session expired

The server has moved on; the page needs a fresh start.